 Dungeon Crawl Stone Soup version 0.14.1-1-g650416f (console) character file.

121 Bikaver the Ruinous (level 3, 0/21 HPs)
             Began as a High Elf Conjurer on May 11, 2014.
             Killed by divine providence
             ... invoked by an orc priest
              (14 damage)
             ... on Level 2 of the Dungeon.
             The game lasted 00:06:17 (1952 turns).

Bikaver the Ruinous (High Elf Conjurer)             Turns: 1952, Time: 00:06:17

HP   0/21        AC  3     Str  7      XL: 3   Next: 39%
MP   2/8         EV 13     Int 20      God:
Gold 77          SH  0     Dex 15      Spells:  3 memorised,  0 levels left

rFire  . . .     SeeInvis .     (no weapon)
rCold  . . .     Clarity  .     a - +0 robe
rNeg   . . .     Conserve .     (no shield)
rPois  .         rCorr    .     (no helmet)
rElec  .         rRot     .     (no cloak)
SustAb + .       Spirit   .     d - +0 pair of gloves
rMut   .         Warding  .     (no boots)
Saprov . . .     Stasis   .     (no amulet)
MR     .....                    (no ring)
                                e - ring of sustain abilities

@: not resistant to hostile enchantments, fairly stealthy
A: no striking features
a: no special abilities


You were on level 2 of the Dungeon.
You were not hungry.

You visited 1 branch of the dungeon, and saw 3 of its levels.

You collected 77 gold pieces.

Inventory:

Armour
 a - a +0 robe (worn)
 d - a +0 pair of gloves (worn)
Magical devices
 k - a wand of slowing (2)
Comestibles
 b - 4 bread rations
 h - a chunk of orc flesh
 n - a pear
 r - a rotting chunk of quokka flesh
Scrolls
 f - a scroll of teleportation {unknown}
 i - a scroll of identify
Jewellery
 e - a ring of sustain abilities (left hand)
Potions
 g - 3 potions of curing
 j - a potion of restore abilities {unknown}
 m - a potion of haste {unknown}
 q - 2 potions of porridge
 s - a potion of experience {unknown}
Books
 c - a book of Conjurations

   Spells                             Type                      Level
   *Magic Dart                        Conjuration                  1
   *Searing Ray                       Conjuration                  2
   *Dazzling Spray                    Conjuration/Hexes            3
   Fulminant Prism                    Conjuration/Hexes            4
   Iskenderun's Mystic Blast          Conjuration                  4
   Iskenderun's Battlesphere          Conjuration/Charms           5


   Skills:
 + Level 2.4 Dodging
 - Level 2.1 Stealth
 - Level 2.4 Spellcasting
 + Level 5.6 Conjurations


You couldn't memorise any spells.
You knew the following spells:

 Your Spells              Type           Power        Failure   Level  Hunger
a - Magic Dart            Conj           ###.         1%          1    #......
b - Searing Ray           Conj           ###...       2%          2    ##.....
c - Dazzling Spray        Conj/Hex       ##......     17%         3    ###....


Dungeon Overview and Level Annotations

Branches:
Dungeon (3/15)

Altars:

Annotations:
D:2 Ijyb
D:3 Bikaver's ghost, average MfTm


Message History

The orc priest utters an invocation to Beogh.
You feel a wave of unholy energy pass over you.
Ijyb screams, "Me kill you!"
The orc priest mumbles some strange prayers to Beogh.
You feel troubled.
The orc priest mumbles some strange prayers to Beogh.
You feel troubled.
The orc priest prays to Beogh.
You feel troubled. Ijyb screams, "I cut your head off!" Ijyb hits you.
Ijyb screams, "It's all mine!"
Things that are here:
2 exploding darts; a club
Press: ? - help, v - describe, . - travel The floor.
The orc priest calls down the wrath of Beogh upon you.
Something smites you!
Ouch! That really hurt!
You die...

#...# #...# #####
##########...######...#
##.#.#.#.#.#..>........#
#.............######...#
##.#.#.#.#.#.## #.###
#............# #.# ##.#>#.#.#.#.#
#.# ##### #..........@.### #.#
#...# ####.#.#.#.#.#g..# #o#
#...# #................#
##.###...# #.##.#.#.#.#.#(..#
#......... ####)#............###
##.......##
#.....#.#.#.#.#.#.#####........##
#.###.............o...o..........
#.....#.#.#.#.#.#....#....####.##
#........)...........#....# #.##


You could see Ijyb and an orc priest.

Vanquished Creatures
  2 giant geckos
  An orc (D:3)
  A ball python (D:2)
  5 bats
  2 goblins (D:2)
  9 hobgoblins
  4 jackals (D:1)
  3 kobolds
  A quokka (D:2)
  3 giant newts
  3 rats
34 creatures vanquished.

Notes
Turn   | Place    | Note
--------------------------------------------------------------
     0 | D:1      | Bikaver, the High Elf Conjurer, began the quest for the Orb.
     0 | D:1      | Reached XP level 1. HP: 11/11 MP: 4/4
   309 | D:1      | Reached XP level 2. HP: 17/17 MP: 3/6
   374 | D:1      | Learned a level 2 spell: Searing Ray
   695 | D:2      | Reached skill level 5 in Conjurations
  1199 | D:2      | Reached XP level 3. HP: 21/21 MP: 4/8
  1268 | D:2      | Learned a level 3 spell: Dazzling Spray
  1608 | D:3      | Noticed Bikaver's ghost (average MfTm)
  1914 | D:3      | Noticed Ijyb
  1952 | D:2      | Killed from afar by an orc priest

Action                   || total
-------------------------++-------
 Cast: Magic Dart        ||    65
       Searing Ray       ||     9
Evoke: Wand              ||     1
  Use: Scroll            ||     3
       Potion            ||     2
